 Dungeon Crawl Stone Soup version 0.28.0 (webtiles) character file.

Game seed: 11401247324983007170

336 Sanktem7 the Covered (level 6, 0/55 HPs)
             Began as a Minotaur Fighter on Feb 11, 2022.
             Slain by Grinder (6 damage)
             ... while paralysed by Grinder
             ... on level 3 of the Dungeon.
             The game lasted 00:03:28 (2779 turns).

Sanktem7 the Covered (Minotaur Fighter)             Turns: 2779, Time: 00:03:28

Health: 0/55       AC:  8    Str: 23    XL:     6   Next: 28%
Magic:  0/5        EV:  2    Int:  5    God:
Gold:   73         SH:  0    Dex:  9    Spells: 5/5 levels left

rFire   . . .      SeeInvis .   a - +0 long sword
rCold   . . .      Faith    .   c - +0 buckler
rNeg    . . .      Spirit   +   b - +0 scale mail
rPois   .          Reflect  .   (helmet restricted)
rElec   .          Harm     .   (no cloak)
rCorr   .          Rampage  .   (no gloves)
Will    .....                   n - +0 pair of boots
Stlth   ..........              k - amulet of guardian spirit
HPRegen 0.18/turn               (no ring)
MPRegen 0.09/turn               (no ring)

@: paralysed
A: horns 2, retaliatory headbutt
a: no special abilities


You were on level 3 of the Dungeon.
You visited 1 branch of the dungeon, and saw 3 of its levels.

You collected 73 gold pieces.

Inventory:

Hand Weapons
 a - a +0 long sword (weapon)
 g - a +0 hand crossbow
Armour
 b - a +0 scale mail (worn)
 c - a +0 buckler (worn)
 n - a +0 pair of boots (worn)
Jewellery
 k - an amulet of guardian spirit (around neck)
Scrolls
 h - a scroll of amnesia {unknown}
 j - a scroll of torment {unknown}
 l - a scroll of identify {unknown}
 m - a scroll of fog {unknown}
 o - a scroll of teleportation {unknown}
Potions
 d - 2 potions of might
 e - a potion of heal wounds {unknown}
 f - 4 potions of curing {unknown}
 i - a potion of degeneration {unknown}
 p - a potion of mutation {unknown}
 q - a potion of brilliance


   Skills:
 * Level 4.8 Fighting
 * Level 5.4 Long Blades
 * Level 2.0 Crossbows
 * Level 5.4 Armour
 + Level 0.7 Dodging
 - Level 3.6 Shields


You had 5 spell levels left.
You didn't know any spells.
Your spell library was empty.

Dungeon Overview and Level Annotations

Branches:
Dungeon (3/15)

Altars:

Annotations:
D:3 Grinder


Innate Abilities, Weirdness & Mutations

You have a pair of horns on your head.
You reflexively headbutt those who attack you in melee.


Message History

Pain shoots through your body!
You hit Grinder but do no damage.
Grinder is moderately wounded.
Grinder gestures at you.
You suddenly lose the ability to move!
Grinder hits you.
You writhe in agony.
Grinder hits you but does no damage. Grinder hits you.
You writhe in agony.
You can move again.
You barely miss Grinder. Your headbutt misses Grinder.
Grinder is moderately wounded.
Grinder says, "Wait up."
Grinder gestures at you.
You shrug off the repeated paralysis!
You slash Grinder!
Grinder is heavily wounded.
Grinder says, "Make like a tree!"
Grinder gestures at you. You resist with significant effort.
You closely miss Grinder. You headbutt Grinder!
Grinder is almost dead.
Grinder hits you.
You writhe in agony.
You hit Grinder but do no damage.
Grinder is almost dead.
Grinder gestures at you. Pain shoots through your body! Grinder hits you.
You writhe in agony.
* * * LOW HITPOINT WARNING * * *
You barely miss Grinder.
Grinder is almost dead.
Grinder barely misses you.
You closely miss Grinder.
Grinder is almost dead.
Grinder gestures at you.
You suddenly lose the ability to move!
Grinder hits you.
* * * LOW HITPOINT WARNING * * *
You writhe in agony.
* * * LOW HITPOINT WARNING * * *
Grinder hits you.
You die...

....##.## ..##
##...#..## #.
##..##..## ##.
##..##..## #..
##### #######.#
#.# ....# #.###.#
.....# ♣
#..##.###.....# ♣
#......#5.....#
#......@......#
#.......#.....#
#.......# ....#
#..#...## ####
#......# #......#
##########..#...#
..).........#....
........#


You could see Grinder.

Vanquished Creatures
  A necrophage (D:3)
  A phantom (D:2)
  Natasha (thrice) (D:3)
  Robin (D:3)
  2 adders
  2 worms
  A dart slug (D:1)
  An orc (D:3)
  A ball python (D:3)
  4 endoplasms
  A giant cockroach (D:2)
  11 hobgoblins
  4 quokkas
  2 bats (D:3)
  2 frilled lizards
  12 goblins
  9 kobolds
  A rat (D:1)
59 creatures vanquished.

Notes
Turn   | Place    | Note
-------+----------+-------------------------------------------
     0 | D:1      | Sanktem7 the Minotaur Fighter began the quest for the Orb.
     0 | D:1      | Reached XP level 1. HP: 19/19 MP: 0/0
   399 | D:1      | Found a faded altar of an unknown god.
   419 | D:1      | Reached XP level 2. HP: 27/27 MP: 1/1
  1209 | D:2      | Reached XP level 3. HP: 29/33 MP: 2/2
  1282 | D:2      | Noticed a phantom
  1308 | D:2      | Killed a phantom
  1309 | D:2      | Reached skill level 1 in Crossbows
  1309 | D:2      | Reached XP level 4. HP: 20/41 MP: 1/3
  1734 | D:3      | Noticed Natasha
  1735 | D:3      | Noticed a necrophage
  1744 | D:3      | Killed Natasha
  1745 | D:3      | Reached XP level 5. HP: 39/47 MP: 4/4
  1753 | D:3      | Killed a necrophage
  1754 | D:3      | Reached skill level 5 in Armour
  2041 | D:3      | Noticed Natasha
  2047 | D:3      | Killed Natasha
  2048 | D:3      | Reached skill level 5 in Long Blades
  2048 | D:3      | Reached XP level 6. HP: 47/55 MP: 5/5
  2049 | D:3      | Noticed Natasha
  2055 | D:3      | Killed Natasha
  2132 | D:3      | Noticed Robin
  2140 | D:3      | Killed Robin
  2763 | D:3      | Noticed Grinder
  2768 | D:3      | Paralysed by Grinder for 4 turns
  2777 | D:3      | Paralysed by Grinder for 6 turns
  2779 | D:3      | Slain by Grinder

Illustrated notes

Levels and vault maps discovered:
D:1:      saegor_arrival_simple_c, layout_basic,
          chequers_ecumenical_altar_simple, minmay_misc_feat_pillars,
          minmay_misc_feat_tower, due_unseen_surprise
D:2:      layout_rooms
D:3:      layout_rooms, minmay_misc_feat_x, uniq_crazy_yiuf_cottage,
          uniq_natasha, uniq_robin, uniq_grinder

Skill      XL: |  1  2  3  4  5  6 |
---------------+-------------------+-----
Fighting       | 4 |  4.8
Armour         | 4 5 |  5.4
Long Blades    | 3 4 5 |  5.4
Crossbows      | 1 2 |  2.0
Dodging        | |  0.7
Shields        | |  3.6

Action                   |  1- 3 |  4- 6 || total
-------------------------+-------+-------++-------
Melee: Long sword        |    56 |    88 ||   144
       Headbutt          |     4 |    12 ||    16
Armor: Scale mail        |    23 |    47 ||    70
Dodge: Dodged            |    25 |    50 ||    75
Block: Buckler           |    11 |    20 ||    31
